 Dungeon Crawl Stone Soup version 0.18.1-2-ga659475 (webtiles) character file.

2107 zxpr0jk the Cleaver (level 9, -14/83 HPs)
             Began as a Minotaur Fighter on May 8, 2016.
             Was an Elder of Cheibriados.
             Demolished by a large abomination (29 damage)
             ... on level 1 of the Abyss.
             The game lasted 00:14:33 (4247 turns).

zxpr0jk the Cleaver (Minotaur Fighter)              Turns: 4247, Time: 00:14:34

Health: -14/83     AC:  6    Str: 36    XL:     9   Next: 7%
Magic:  8/8        EV:  9    Int: 17    God:    Cheibriados [****..]
Gold:   451        SH: 12    Dex: 21    Spells: 0 memorised, 8 levels left

rFire  . . .     SeeInvis .     a - +0 war axe
rCold  . . .     Gourm    .     b - +0 scale mail
rNeg   . . .     Faith    .     c - +0 shield
rPois  .         Spirit   .     (helmet restricted)
rElec  .         Dismiss  .     (no cloak)
rCorr  .         Reflect  .     (no gloves)
SustAt .         Harm     .     (no boots)
MR     .....                    (no amulet)
Stlth  ..........               (no ring)
                                g - +3 ring of intelligence

@: mighty, very slow, not resistant to hostile enchantments, extremely
unstealthy
A: retaliatory headbutt, horns 2, sense surroundings 1, slow regeneration 1
a: Bend Time, Temporal Distortion, Slouch, Renounce Religion


You were on level 1 of the Abyss.
You worshipped Cheibriados.
Cheibriados was greatly pleased with you.
You were full.

You visited 1 branch of the dungeon, and saw 6 of its levels.
You visited the Abyss 1 time.
You also visited: Ossuary.

You collected 451 gold pieces.

Inventory:

Hand Weapons
 a - a +0 war axe (weapon)
Armour
 b - a +0 scale mail (worn)
 c - a +0 shield (worn)
Jewellery
 g - a +3 ring of intelligence (left hand)
 H - an uncursed ring of fire {unknown}
Wands
 r - a wand of acid (2/15)
 w - a wand of teleportation (3/9)
 J - a wand of digging (15/24)
Scrolls
 d - 2 scrolls of remove curse {unknown}
 h - 9 scrolls of identify {unknown}
 i - a scroll of fear {unknown}
 j - a scroll of blinking {unknown}
 l - a scroll of enchant weapon {unknown}
 m - a scroll of enchant armour {unknown}
 o - a scroll of amnesia {unknown}
 s - 3 scrolls of teleportation {unknown}
 t - a scroll of noise {unknown}
 y - a scroll of immolation {unknown}
 D - 3 scrolls of magic mapping {unknown}
Potions
 e - 4 potions of flight
 k - a potion of cure mutation {unknown}
 p - a potion of ambrosia {unknown}
 u - a potion of heal wounds {unknown}
 v - a potion of magic {unknown}
 A - a potion of degeneration {unknown}
 B - a potion of lignification {unknown}
 C - 4 potions of agility {unknown}
 F - a potion of experience {unknown}
 I - 2 potions of brilliance {unknown}
Books
 q - a book of Conjurations

   Spells                             Type                      Level
   a - Magic Dart                     Conjuration                  1
   b - Searing Ray                    Conjuration                  2
   c - Dazzling Spray                 Conjuration/Hexes            3
   d - Fulminant Prism                Conjuration/Hexes            4
   e - Iskenderun's Mystic Blast      Conjuration                  4
   f - Iskenderun's Battlesphere      Conjuration/Charms           5
 G - a book of Changes

   Spells                             Type                      Level
   a - Beastly Appendage              Transmutation                1
   b - Sticks to Snakes               Transmutation                2
   c - Spider Form                    Transmutation/Poison         3
   d - Ice Form                       Ice/Transmutation            4
   e - Blade Hands                    Transmutation                5
Comestibles
 f - 4 bread rations
 n - a meat ration
 x - a slice of pizza
 K - a beef jerky


   Skills:
 + Level 9.2 Fighting
 - Level 11.4 Axes
 - Level 3.6 Armour
 + Level 1.3 Dodging
 - Level 3.6 Shields


You had 8 spell levels left.
You didn't know any spells.

Dungeon Overview and Level Annotations

Branches:
Dungeon (6/15)             Temple (0/1) D:6

Altars:
Cheibriados
Dithmenos
Elyvilon
Fedhas
Gozag
Kikubaaqudgha
Makhleb
Okawaru
Ru
Trog
Vehumet
Yredelemnul


Innate Abilities, Weirdness & Mutations

You reflexively headbutt those who attack you in melee.
You have a pair of horns on your head.
You passively map a small area around you.
You regenerate slowly when monsters are visible.


Message History

You block the large abomination's attack.
You slash the large abomination! You headbutt the large abomination.
The large abomination is moderately damaged.
You slash the large abomination!
You headbutt the large abomination, but do no damage.
The large abomination is heavily damaged.
The large abomination hits you!!
* * * LOW HITPOINT WARNING * * *
You hit the large abomination.
You headbutt the large abomination, but do no damage.
The large abomination is severely damaged.
The large abomination hits you!
* * * LOW HITPOINT WARNING * * *
A ynoxinul comes into view.
Unknown command.
Drink which item? (? for menu, Esc to quit)
You feel better.
The ynoxinul gestures.
The large abomination hits you!!
You die... 53

#. .. #. #. ##
##. # #.#.# .#
##.##@.# . ...
#X##..# #...# ##
#..####
#.....#....#####
# .... . #. .##
###...# ... #...
.#..#..... ...
###.#####.# ..


You could see a large abomination, a ynoxinul and an ufetubus.

Vanquished Creatures
  Pikel (D:5)
  The ghost of penismuncher the Insei, an amateur OpMo (D:4)
  2 sky beasts (D:5)
  2 ogres
  A centaur (D:5)
  3 crimson imps
  2 jellies (D:6)
  2 hounds
  5 orc wizards
  2 orc priests
  A centaur skeleton (D:6)
  Jessica (D:2)
  2 iguanas
  Natasha (twice) (D:3)
  3 worker ants
  A hound skeleton (D:5)
  8 mummies (Ossuary)
  7 gnolls
  3 adders
  A river rat (D:5)
  2 shadow imps
  An adder skeleton (D:4)
  4 worms
  2 dart slugs (D:1)
  3 giant geckos
  21 orcs
  9 giant cockroaches
  8 goblins
  7 hobgoblins
  12 jackals
  8 kobolds
  2 quokkas
  2 ball pythons (D:3)
  10 bats
  A giant cockroach zombie (D:5)
  2 giant newts
  A gnoll zombie (Ossuary)
  A hobgoblin zombie (Ossuary)
  A jackal skeleton (D:5)
  2 kobold zombies (Ossuary)
  4 orc zombies (Ossuary)
  9 rats
162 creatures vanquished.

Vanquished Creatures (others)
  2 slaves (D:5)
  A scorpion (D:5)
  A howler monkey (D:5)
  A giant cockroach (D:5)
5 creatures vanquished.

Grand Total: 167 creatures vanquished

Notes
Turn   | Place    | Note
--------------------------------------------------------------
     0 | D:1      | zxpr0jk the Minotaur Fighter began the quest for the Orb.
     0 | D:1      | Reached XP level 1. HP: 19/19 MP: 0/0
    64 | D:1      | Reached skill level 3 in Axes
    64 | D:1      | Reached XP level 2. HP: 26/27 MP: 1/1
   369 | D:2      | Reached XP level 3. HP: 20/33 MP: 2/2
   379 | D:2      | Noticed Jessica
   382 | D:2      | Killed Jessica
   382 | D:2      | Reached skill level 4 in Axes
   405 | D:2      | Reached XP level 4. HP: 21/41 MP: 3/3
   411 | D:2      | HP: 1/41 [gnoll/spear (6)]
   801 | D:2      | Reached skill level 5 in Axes
  1015 | D:2      | Found an ancient bone altar of Kikubaaqudgha.
  1201 | D:3      | Found a sacrificial altar of Ru.
  1202 | D:3      | Found an opulent altar of Gozag.
  1206 | D:3      | Reached XP level 5. HP: 42/47 MP: 4/4
  1209 | D:3      | Reached skill level 5 in Fighting
  1214 | D:3      | Noticed Natasha
  1225 | D:3      | Killed Natasha
  1474 | D:3      | Found a white marble altar of Elyvilon.
  1474 | D:3      | Found a snail-covered altar of Cheibriados.
  1476 | D:3      | Found a blossoming altar of Fedhas.
  1477 | D:3      | Found a shadowy altar of Dithmenos.
  1483 | D:3      | Became a worshipper of Cheibriados the Contemplative
  1572 | D:3      | Noticed Natasha
  1581 | D:3      | Killed Natasha
  1581 | D:3      | Reached skill level 6 in Axes
  1956 | D:4      | Reached * piety under Cheibriados
  1965 | D:4      | Reached XP level 6. HP: 25/56 MP: 5/5
  2268 | D:4      | Reached skill level 7 in Axes
  2324 | D:4      | Found an iron altar of Okawaru.
  2324 | D:4      | Found a radiant altar of Vehumet.
  2325 | D:4      | Found a bloodstained altar of Trog.
  2337 | D:4      | Found a burning altar of Makhleb.
  2359 | D:4      | Noticed penismuncher's ghost (amateur OpMo)
  2376 | D:4      | Killed penismuncher's ghost
  2376 | D:4      | Reached XP level 7. HP: 35/64 MP: 6/6
  2434 | D:4      | Reached ** piety under Cheibriados
  2651 | D:4      | Reached skill level 8 in Axes
  2799 | D:4      | Found a basalt altar of Yredelemnul.
  2843 | D:5      | Entered Level 5 of the Dungeon
  2847 | D:5      | Noticed Pikel
  2857 | D:5      | Killed Pikel
  2857 | D:5      | Reached skill level 9 in Axes
  2857 | D:5      | Reached XP level 8. HP: 52/74 MP: 7/7
  2869 | D:5      | Reached skill level 10 in Axes
  3012 | D:5      | Gained mutation: You passively map a small area around you. [mutagenic meat]
  3328 | D:5      | Reached skill level 11 in Axes
  3331 | D:5      | Gained mutation: You regenerate slowly when monsters are visible. [mutagenic meat]
  3557 | D:5      | Reached *** piety under Cheibriados
  3813 | D:6      | Found a staircase to the Ecumenical Temple.
  3825 | D:6      | Found a sand-covered staircase.
  3845 | Ossuary  | Entered an ossuary
  4073 | D:6      | Reached XP level 9. HP: 79/83 MP: 8/8
  4158 | D:6      | Reached skill level 1 in Dodging
  4201 | D:6      | Reached **** piety under Cheibriados
  4204 | D:6      | Cast into level 1 of the Abyss (orc)
  4247 | Abyss:1  | Demolished by a large abomination

Skill      XL: |  1  2  3  4  5  6  7  8  9 |
---------------+----------------------------+-----
Axes           | 3 4 5 6 7 9 11 | 11.4
Fighting       | 4 5 6 7 9 |  9.2
Dodging        | 1 |  1.3
Armour         | |  3.6
Shields        | |  3.6

Action                   |  1- 3 |  4- 6 |  7- 9 || total
-------------------------+-------+-------+-------++-------
Melee: War axe           |    50 |   168 |   142 ||   360
       Headbutt          |     7 |    24 |    53 ||    84
  Use: Potion            |     1 |     3 |     4 ||     8
  Eat: Chunk             |       |     5 |     4 ||     9
       Meat ration       |       |       |     1 ||     1
Armor: Scale mail        |    21 |    79 |    36 ||   136
Dodge: Dodged            |    22 |    55 |    22 ||    99
Block: Shield            |    30 |   101 |    81 ||   212
